 Dungeon Crawl Stone Soup version 0.20.1-1-g8b1a95d (webtiles) character file.

1110 slep the Slasher (level 8, -8/62 HPs)
             Began as a Barachi Fighter on Nov 2, 2017.
             Was a Priest of Cheibriados.
             Killed by Freeze
             ... invoked by Gonk's ghost
              (15 damage)
             ... on level 5 of the Dungeon.
             The game lasted 00:20:14 (3854 turns).

slep the Slasher (Barachi Fighter)                  Turns: 3854, Time: 00:20:15

Health: -8/62      AC:  7    Str: 25    XL:     8   Next: 33%
Magic:  8/8        EV: 13    Int: 17    God:    Cheibriados [***...]
Gold:   191        SH: 12    Dex: 22    Spells: 7/7 levels left

rFire    . . .     SeeInvis .   a - +0 long sword
rCold    . . .     Gourm    .   c - +0 shield
rNeg     . . .     Faith    .   z - +0 leather armour (curse)
rPois    .         Spirit   .   x - +0 helmet
rElec    .         Reflect  .   D - +0 cloak
rCorr    .         Harm     .   (no gloves)
MR       .....                  m - +0 pair of boots
Stlth    ++........             (no amulet)
Regen    0.2/turn               (no ring)
MPRegen  0.2/turn               (no ring)

@: very slow
A: +LOS, swims, slowness 1, strong legs 1
a: Hop, Bend Time, Temporal Distortion, Renounce Religion


You were on level 5 of the Dungeon.
You worshipped Cheibriados.
Cheibriados was most pleased with you.
You were not hungry.

You visited 1 branch of the dungeon, and saw 5 of its levels.

You collected 191 gold pieces.

Inventory:

Hand Weapons
 a - a +0 long sword (weapon)
 w - a +0 hunting sling of flaming
 G - a +1 whip of electrocution
Missiles
 e - 7 tomahawks (quivered)
 j - 50 sling bullets
Armour
 b - a +0 scale mail
 c - a +0 shield (worn)
 m - a +0 pair of boots (worn)
 x - a +0 helmet (worn)
 z - a cursed +0 leather armour (worn)
 A - the +2 leather armour of the Planets {-Tele *Corrode Int+6 Dex+2, unknown}
   (You found it on level 4 of the Dungeon)

   It affects your intelligence (+6).
   It affects your dexterity (+2).
   It prevents most forms of teleportation.
   It may corrode you when you take damage.
 D - a +0 cloak (worn)
Wands
 u - a wand of flame (14/48)
Scrolls
 g - 4 scrolls of recharging {unknown}
 h - 5 scrolls of identify {unknown}
 i - 2 scrolls of amnesia {unknown}
 o - 5 scrolls of teleportation {unknown}
 q - a scroll of enchant armour {unknown}
 r - a scroll of fog {unknown}
 t - a scroll of magic mapping {unknown}
 y - 2 scrolls of noise {unknown}
 E - a scroll of blinking {unknown}
Potions
 d - 3 potions of might
 k - a potion of curing
 n - 2 potions of haste {unknown}
 s - 2 potions of heal wounds {unknown}
 B - a potion of agility {unknown}
 C - a potion of degeneration {unknown}
Comestibles
 f - 4 bread rations
 l - a meat ration
 p - 5 fruits
 v - a royal jelly


   Skills:
 + Level 5.0 Fighting
 + Level 7.6 Long Blades
 + Level 0.4 Throwing
 + Level 4.9 Armour
 + Level 3.7 Dodging
 + Level 1.3 Stealth
 + Level 6.0 Shields


You had 7 spell levels left.
You didn't know any spells.

Dungeon Overview and Level Annotations

Branches:
Dungeon (5/15)
 Temple: D:4-7

Altars:
Cheibriados
Fedhas
Nemelex Xobeh
Vehumet

Shops:
D:5 [

Annotations:
D:5 1 runed door, Gonk's ghost, novice DsIE


Innate Abilities, Weirdness & Mutations

Shadows flee at your approach. (+LOS)
You can swim through water.
You cover ground slowly.
You can hop short distances.


Message History

Cheibriados appreciates the change of pace.
You block the worker ant's attack.
Gonk's ghost gestures at you while chanting.
You are frozen.
You block the worker ant's attack.
You see here a frilled lizard corpse.
You hit the worker ant.
You kill the worker ant!
Cheibriados appreciates the change of pace.
Gonk's ghost says, "I hope the next monster to meet you likes frozen food!"
Gonk's ghost casts a spell at you.
You are frozen.
* * * LOW HITPOINT WARNING * * *
You feel better. Gonk's ghost hits you.
* * * LOW HITPOINT WARNING * * *
You hit Gonk's ghost.
Gonk's ghost is lightly damaged.
Gonk's ghost casts a spell at you.
You are frozen.
You die...

##################
#
#..............p..
#.#?#
#.################
#.....##.# #
.........# #
###.#.##.# # # #.#
# #@# ########
###.#.##W#
........
.......oa#
########
....#.##.# #<.. #
# ..# #.## ....
..... .......
#.......


You could see a worker ant, Gonk's ghost and an orc.

Vanquished Creatures
  Pikel (D:5)
  The ghost of laserkittenman the Grasshopper, an amateur VSWr (D:3)
  Blork the orc (D:3)
  A howler monkey (D:4)
  A crimson imp (D:5)
  An orc wizard (D:4)
  An iguana (D:5)
  2 worker ants
  Robin (D:3)
  9 adders
  11 gnolls
  An ooze (D:1)
  An adder skeleton (D:4)
  3 worms
  2 dart slugs (D:2)
  2 leopard geckos
  2 orcs (D:4)
  5 giant cockroaches
  13 goblins
  11 hobgoblins
  3 jackals (D:3)
  3 quokkas
  10 bats
  6 frilled lizards
  9 kobolds
  5 rats
106 creatures vanquished.

Vanquished Creatures (others)
  A giant cockroach (D:5)
1 creature vanquished.

Grand Total: 107 creatures vanquished

Notes
Turn   | Place    | Note
-------+----------+-------------------------------------------
     0 | D:1      | slep the Barachi Fighter began the quest for the Orb.
     0 | D:1      | Reached XP level 1. HP: 18/18 MP: 1/1
   225 | D:1      | Reached XP level 2. HP: 25/25 MP: 2/2
   810 | D:2      | Reached XP level 3. HP: 28/30 MP: 3/3
   972 | D:2      | Found a blossoming altar of Fedhas.
   973 | D:2      | Found a snail-covered altar of Cheibriados.
  1018 | D:2      | Found a faded altar of an unknown god.
  1020 | D:2      | Became a worshipper of Cheibriados the Contemplative
  1020 | D:2      | Reached * piety under Cheibriados
  1148 | D:2      | Reached skill level 3 in Long Blades
  1148 | D:2      | Reached XP level 4. HP: 34/37 MP: 4/4
  1753 | D:2      | Reached XP level 5. HP: 40/42 MP: 5/5
  1896 | D:3      | Reached skill level 4 in Long Blades
  2048 | D:3      | Reached ** piety under Cheibriados
  2160 | D:3      | Noticed Robin
  2200 | D:3      | Killed Robin
  2200 | D:3      | Reached skill level 1 in Dodging
  2445 | D:3      | Reached skill level 5 in Long Blades
  2459 | D:3      | Reached XP level 6. HP: 28/49 MP: 6/6
  2607 | D:3      | Reached *** piety under Cheibriados
  2615 | D:3      | Noticed laserkittenman's ghost (amateur VSWr)
  2621 | D:3      | Killed laserkittenman's ghost
  2912 | D:4      | Noticed Blork the orc
  2924 | D:3      | Killed Blork the orc
  2938 | D:4      | Reached skill level 6 in Long Blades
  2938 | D:4      | Reached XP level 7. HP: 41/55 MP: 7/7
  2963 | D:4      | Found a sparkling altar of Nemelex Xobeh.
  3037 | D:4      | Reached skill level 5 in Shields
  3038 | D:4      | Got a fine leather armour
  3429 | D:5      | Entered Level 5 of the Dungeon
  3431 | D:5      | Found Kiedgh's Antique Armour Boutique.
  3478 | D:5      | Found a runed door.
  3568 | D:5      | Found a radiant altar of Vehumet.
  3765 | D:5      | Noticed Pikel
  3774 | D:5      | Killed Pikel
  3774 | D:5      | Reached skill level 5 in Fighting
  3774 | D:5      | Reached skill level 7 in Long Blades
  3774 | D:5      | Reached skill level 1 in Stealth
  3774 | D:5      | Reached XP level 8. HP: 35/62 MP: 8/8
  3839 | D:5      | Noticed Gonk's ghost (novice DsIE)
  3854 | D:5      | Killed from afar by Gonk's ghost

Skill      XL: |  1  2  3  4  5  6  7  8 |
---------------+-------------------------+-----
Armour         | 4 |  4.9
Fighting       | 4 5 |  5.0
Long Blades    | 3 5 6 7 |  7.6
Shields        | 4 5 6 |  6.0
Dodging        | 1 3 |  3.7
Stealth        | 1 |  1.3
Throwing       | |  0.4

Action                   |  1- 3 |  4- 6 |  7- 9 || total
-------------------------+-------+-------+-------++-------
Melee: Long sword        |   126 |   184 |    76 ||   386
Throw: Tomahawk          |    10 |       |       ||    10
  Use: Potion            |       |     1 |     1 ||     2
  Eat: Chunk             |     1 |     3 |     3 ||     7
Armor: Scale mail        |    73 |    83 |     4 ||   160
       Leather armour    |       |       |    22 ||    22
Dodge: Dodged            |    40 |    45 |    29 ||   114
Block: Shield            |    78 |   127 |    72 ||   277
       Rpst.: Long sword |     8 |    12 |     9 ||    29
